[Event "*** Titled Tuesday 3|2 Blitz"]
[Site "Chess.com"]
[Date "2015.11.03"]
[Round "3"]
[White "Mugzyyy"]
[Black "armago"]
[Result "1-0"]
[WhiteElo "2469"]
[BlackElo "2229"]
[TimeControl "180+2"]
[EndTime "11:36:28 PST"]
[Termination "Mugzyyy won by resignation"]

1. d4 Nf6 2. c4 g6 3. g3 Bg7 4.
Bg2 O-O 5. f4 c5 6. d5 e6 7. Nc3 exd5 8. cxd5 d6 9. e4 b5 10. e5 Re8 11. Nge2 dxe5 12. fxe5 Rxe5 13. d6 b4 14. Bf4 Re8 15. Bxa8 bxc3 16. O-O cxb2 17.
Rb1 Ba6 18. Rxb2 Ng4 19. Rd2 Nd7 20. Bc6 c4 21. Kh1 c3 22. Rc2 Qc8 23. Bd5 Ndf6 24. Bg2 Bb7 25. Rxc3 Qa8 26. Bxb7 Qxb7+ 27. Rcf3 Ne4 28.
Qb3 Qc6 29. h3 Ngf6 30. Kh2 Nxd6 31. Nd4 Qd7 32. g4 Nde4 33. Nb5 Nd2 34. Bxd2 Qxd2+ 35. R1f2 Re2 36. Kg2 h5 37. gxh5 gxh5 38. Qc4 Nd5 39. Qc8+ Kh7 40. Qf5+ Kh8 41. Qxh5+ Kg8 42. Qxf7+ Kh8 43. Qh5+ Kg8 44. Kg1 Re1+ 45. Rf1 Bd4+ 46. Nxd4 Qxd4+ 47. Rf2 Rxf1+ 48. Kxf1 Ne3+ 49. Kg1 Qg7+ 50. Kh1 Qb7+ 51. Qf3 Qb1+ 52. Kh2 Qb6 53. Qg3+ Kh7 54.
Rf7+ Kh6 55. Qg7+ Kh5 56. Qh7+ Kg5 57. h4+ Kg4 58. Qe4+ Kh5 59. Rh7+ 1-0

[Event "*** Titled Tuesday 3|2 Blitz"]
[Site "Chess.com"]
[Date "2015.11.03"]
[Round "3"]
[White "pKiLz5Rn9b"]
[Black "cassoulet"]
[Result "1-0"]
[WhiteElo "2451"]
[BlackElo "2216"]
[TimeControl "180+2"]
[EndTime "11:36:38 PST"]
[Termination "pKiLz5Rn9b won by resignation"]

1. e4 c5 2. c3 Nf6 3. e5 Nd5 4. d4 cxd4 5. cxd4 d6 6. Nf3 Nc6 7. Bc4 Nb6 8. Bb5 dxe5 9. Nxe5 Bd7 10. Nxd7 Qxd7 11. Nc3 e6 12. O-O Rd8 13. a4 Qxd4 14. Qxd4 Rxd4 15. a5 Nd7 16. a6 Ncb8 17. axb7 Bd6 18.
Be3 Rb4 19. Rfd1 Ke7 20. Bxa7 Rxb2 21. Rab1 Rxb1 22. Rxb1 Bc5 23. Bxd7 Bxa7 24. Bb5 Rd8 25. Kf1 Rd2 26. Ne4 Rd4 27. f3 f5 28. Nc3 Rd2 29. Ne2 e5 30. Ke1 Rc2 31. Bd3 Rc7 32. Bxf5 g6 33. Be4 Nd7 34. Ra1 Bb8 35. Ra8 Kd6 36.
Kd2 Rc4 37. Nc3 Rb4 38. Ra6+ Kc7 39. Nd5+ Kxb7 40. Nxb4+ Kc7 41. Rc6+ Kd8 42. Nd5 Ba7 43. Bc2 Bd4 44. Rc4 Nc5 45. Nc3 Ne6 46. Ne4 Ke7 47. g3 Bg1 48. h4 Nd4 49. Bd1 Ke6 50. Ra4 Nf5 51. Ng5+ Kd5 52. Bb3+ Kc5 53. Ne4+ Kb5 54. Ra1 Bd4 55. Rb1 Kc6 56. Bg8 h6 57. Bh7 Ne7 58. Rc1+ Kd7 59. Kd3 Ke6 60. h5 gxh5 61. Rh1 Kf7 62.
Rxh5 Kg7 63. Bf5 Nd5 64. Be6 Nb4+ 65. Kc4 Nc2 66. f4 exf4 67. gxf4 Bf6 68. Nxf6 Kxf6 69. f5 Ne3+ 70. Kd3 Ng4 71. Rh4 Ne5+ 72. Ke4 Kg5 73. Kxe5 Kxh4 74. f6 1-0

[Event "*** Titled Tuesday 3|2 Blitz"]
[Site "Chess.com"]
[Date "2015.11.03"]
[Round "3"]
[White "stefanodinn"]
[Black "stepanosinovsky"]
[Result "1-0"]
[WhiteElo "2135"]
[BlackElo "2254"]
[TimeControl "180+2"]
[EndTime "11:36:46 PST"]
[Termination "stefanodinn won by checkmate"]

1. e4 e5 2. Nf3 Nc6 3. Bb5 a6 4. Bxc6 dxc6 5. O-O Bg4 6. h3 h5 7. d3 Qf6 8. Nbd2 Ne7 9. Re1 Ng6 10. d4 Bd6 11.
hxg4 hxg4 12. Nh2 Rxh2 13. Qxg4 Rh7 14. Nf3 Qe6 15. Qxe6+ fxe6 16. Be3 exd4 17. Bxd4 c5 18. Bc3 e5 19. g3 b5 20. b3 Ke7 21. Kg2 Rh5 22.
Rh1 Rah8 23. Rxh5 Rxh5 24. a4 Rh8 25. Bd2 Nf8 26. axb5 axb5 27. Ra5 b4 28. Be3 Ne6 29. Nd2 Rb8 30. Nc4 Rb7 31. Ra6 Kd7 32. f3 Ke7 33.
Na5 Rb6 34. Ra7 Kd7 35. Nc4 Rb8 36. Nxd6 Kxd6 37. f4 exf4 38. gxf4 Nd4 39. Bxd4 cxd4 40. Kf3 Rh8 41. e5+ Kd5 42. Rxc7 Rh3+ 43. Kg4 Rh2 44. Kf5 Rf2 45. e6 g6+ 46. Kxg6 Rxf4 47. e7 Re4 48. Kf7 Rf4+ 49. Ke8 Kd6 50. Rd7+ Kc6 51. Ra7 Rh4 52. Kd8 d3 53. cxd3 Rd4+ 54. Kc8 Kb6 55. Rd7 Rh4 56.
e8=Q Rh6 57. Qd8+ Kb5 58. Rd5+ Kc6 59. Qd7+ Kb6 60. Rd6+ Kc5 61. Qc6# 1-0

[Event "*** Titled Tuesday 3|2 Blitz"]
[Site "Chess.com"]
[Date "2015.11.03"]
[Round "3"]
[White "ruifeng"]
[Black "Matibar"]
[Result "0-1"]
[WhiteElo "2150"]
[BlackElo "2176"]
[TimeControl "180+2"]
[EndTime "11:37:18 PST"]
[Termination "Matibar won by resignation"]

1. e4 e5 2. Nf3 Nc6 3. Bc4 Nf6 4. d3 Bc5 5. c3 a6 6. Bb3 Ba7 7. Qe2 d6 8. h3 Be6 9. Bc2 h6 10. Nbd2 Qd7 11. Nf1 O-O-O 12. Ne3 d5 13. O-O d4 14. cxd4 exd4 15. Nd1 g5 16. Nh2 Rhg8 17. Bb3 Bxb3 18.
axb3 Qe6 19. Kh1 Qxb3 20. f4 Nd7 21. Nf2 Rde8 22. fxg5 hxg5 23. Ra3 Qe6 24. Nf3 f6 25. Bd2 Rh8 26. Kg1 Nce5 27. Nxe5 Nxe5 28. Ng4 Nxg4 29. Qxg4 Qxg4 30. hxg4 Re6 31. Ra5 c6 32. Raf5 Rh6 33. Bb4 Bb8 34. Bf8 Rg6 35. R1f3 Be5 36.
Rh3 Re8 37. Bc5 Rg7 38. Kf2 Kc7 39. Bb4 b6 40. Be1 c5 41. Ke2 Re6 42. Bg3 Bxg3 43. Rxg3 Rh7 44. Rgf3 Rh6 45. Kd2 Kc6 46. Kc2 a5 47.
Rh3 Rxh3 48. gxh3 Kb5 49. Rf1 Kb4 50. Rh1 b5 51. h4 gxh4 52. Rxh4 c4 53. Rh6 Re7 54.
Rxf6 Rg7 55. dxc4 bxc4 56. Rb6+ Kc5 57. Rb8 Rxg4 58. Rc8+ Kb5 59. Rb8+ Ka4 60. e5 Re4 61. Rc8 Re2+ 62. Kb1 Kb5 63. Rb8+ Kc5 64. Rc8+ Kd5 65. Rd8+ Ke4 66. e6 Kd3 67. Rd6 c3 68. bxc3 Kxc3 69. Rc6+ Kb3 70. Rb6+ Kc3 71. Rc6+ Kd2 72. Rd6 d3 73.
Kb2 Ke1+ 74. Kc3 d2 75. e7 d1=Q 0-1

[Event "*** Titled Tuesday 3|2 Blitz"]
[Site "Chess.com"]
[Date "2015.11.03"]
[Round "3"]
[White "GeorgMeier"]
[Black "Lupul_Cenusiu"]
[Result "1-0"]
[WhiteElo "2608"]
[BlackElo "2401"]
[TimeControl "180+2"]
[EndTime "11:37:42 PST"]
[Termination "GeorgMeier won by checkmate"]

1. Nf3 Nf6 2. g3 g6 3. Bg2 Bg7 4. O-O O-O 5. d4 d5 6. c4 c6 7. cxd5 cxd5 8. Nc3 Nc6 9. Ne5 Bd7 10. Bg5 e6 11.
Qd2 Rc8 12. Rac1 Be8 13. Rfd1 Qd6 14. Nb5 Qb8 15. Bf4 Qa8 16. Nd6 Rd8 17. Nxe8 Nxe8 18. Nxc6 bxc6 19. Qb4 f6 20. e4 g5 21. Be3 Nd6 22. f3 Rf7 23. Qc3 Rc7 24. Rc2 Qb7 25. Qd3 Nf7 26. Rdc1 Qb6 27. Bf2 a6 28. Qe2 f5 29.
exf5 exf5 30. Qd3 f4 31. gxf4 gxf4 32. Kh1 Re8 33. Bh3 Kh8 34. Rg1 Nd6 35. Qd2 Rf8 36. b3 Nb5 37. Rd1 Nd6 38. Rcc1 Bh6 39. Qd3 Rcf7 40.
Rc2 Nf5 41. Rdc1 Ne7 42. Bh4 Bg7 43. Bf2 Bh6 44. Bd7 Bg7 45. Bxc6 Qa7 46. b4 Rf6 47. a4 Rh6 48. b5 axb5 49. axb5 Qb8 50. Ra2 Qd6 51.
Ra6 Nf5 52. Bb7 Qd7 53. Rxh6 Bxh6 54. Bc6 Qd8 55. Rg1 Ne3 56. Qa3 Bg7 57. Qc5 Qf6 58. Bd7 Rd8 59. Bh3 Qxd4 60. Qc7 Qf6 61. b6 Rg8 62. b7 Qe5 63. Qd7 Rb8 64. Bh4 d4 65. Qc8+ Bf8 66. Qxb8 Qxb8 67. Bf6+ Bg7 68. Rxg7 Nd5 69.
Bxd4 Nf6 70. Bxf6 Qe5 71. Bxe5 h6 72. b8=Q# 1-0

[Event "*** Titled Tuesday 3|2 Blitz"]
[Site "Chess.com"]
[Date "2015.11.03"]
[Round "3"]
[White "Chopper1905"]
[Black "vellottiwizard"]
[Result "1-0"]
[WhiteElo "2544"]
[BlackElo "2338"]
[TimeControl "180+2"]
[EndTime "11:37:58 PST"]
[Termination "Chopper1905 won by resignation"]

1. Nf3 Nf6 2. c4 e6 3. g3 a6 4. Bg2 b5 5. b3 c5 6. O-O Bb7 7. Nc3 Qb6 8. e3 Be7 9. d4 O-O 10. d5 exd5 11. cxd5 d6 12. e4 Nbd7 13. h3 Rfe8 14.
Be3 Bf8 15. Nd2 g6 16. Qc2 Bg7 17. Rab1 Rac8 18. a4 Qa5 19. Rfc1 Ne5 20. Ra1 Qb6 21. Rab1 Qa5 22. f4 Ned7 23. Bf2 Rb8 24. Ra1 Qb6 25. b4 Rec8 26. axb5 axb5 27. Nb3 Qd8 28. bxc5 b4 29.
Nb5 dxc5 30. Nd6 c4 31. Na5 b3 32. Qe2 b2 33. Naxb7 bxa1=Q 34. Rxa1 Qc7 35. Nxc8 Rxc8 36. Ra7 c3 37. Na5 Qb8 38. Nc6 Qb1+ 39. Qf1 c2 40. Ra1 Qxf1+ 41. Rxf1 Kf8 42. Rc1 Nb8 43. e5 Nxd5 44.
Bxd5 Nxc6 45. Rxc2 Ne7 46. Rxc8+ Nxc8 47. Bc5+ Ne7 48.
Bc6 h5 49. Kg2 f6 50. e6 f5 51. Kf3 Bf6 52. Bb5 Kg7 53. Ke3 Ng8 54. Kd3 Be7 55. Bd4+ Bf6 56. Bf2 Kf8 57. Kc4 Be7 58. Bc6 Bf6 59.
Kb5 Be7 60. Kb6 Bd6 61. Bd5 Ne7 62. Bc4 Ng8 63. Kc6 Be7 64. Bd4 Ke8 65. Bb5 Kf8 66.
Be5 h4 67. g4 fxg4 68. hxg4 g5 69. Be2 gxf4 70. Bxf4 Kg7 71. Kd7 Kg6 72. Bd3+ Kg7 73. g5 h3 74. Bf5 h2 75. Be4 Kf8 76. Bf3 Kg7 77. Ke8 Kg6 78. Be4+ Kg7 79. Be5+ Bf6 80. gxf6+ 1-0

[Event "*** Titled Tuesday 3|2 Blitz"]
[Site "Chess.com"]
[Date "2015.11.03"]
[Round "3"]
[White "Baggio95"]
[Black "jbj"]
[Result "1-0"]
[WhiteElo "2393"]
[BlackElo "2283"]
[TimeControl "180+2"]
[EndTime "11:38:20 PST"]
[Termination "Baggio95 won by resignation"]

1. e4 e6 2. d4 d5 3. Nc3 Bb4 4. e5 c5 5. a3 Bxc3+ 6. bxc3 Ne7 7. Qg4 Qc7 8. Bd3 c4 9. Be2 Nf5 10. Bd1 h5 11. Qf4 Nc6 12. Ne2 f6 13. exf6 Qxf4 14.
Nxf4 gxf6 15. Bxh5+ Kd8 16. Bg4 Nce7 17. Ne2 Nh4 18.
g3 f5 19. gxh4 fxg4 20. Bg5 Ke8 21. Ng3 Ng6 22. h5 Nf8 23. Kf1 Nh7 24. Bf4 Rf8 25. Be5 Ng5 26. Re1 Nf3 27. Re2 Kf7 28. h3 Rg8 29. hxg4 Rxg4 30. h6 Bd7 31. h7 Nxe5 32. h8=Q Rxh8 33. Rxh8 Ng6 34. Rh7+ Ke8 35. Rg7 Ne5 36.
Rxg4 Nxg4 37. f3 Nf6 38. Rh2 Kd8 39. Ke1 Kc7 40. Rh6 Ne8 41. Kd2 Nd6 42. Rh7 Nb5 43.
Nh5 Kc8 44. Nf6 Bc6 45. a4 Nd6 46. a5 Kd8 47. Ng4 Nc8 48. Ne5 Bb5 49. Rxb7 a6 50. Rh7 Ke8 51. Kc1 Nd6 52. Kb2 Nf5 53. Ng4 Kd8 54.
Ka3 Ng3 55. Kb4 Ne2 56. Ne5 Nc1 57. Kc5 Na2 58. Kd6 Kc8 59. Kxe6 Nxc3 60. f4 Ne4 61. f5 Ng5+ 62. Kf6 Nxh7+ 63. Ke6 Ng5+ 64. Kxd5 c3 65. f6 Kd8 66. Nc6+ Ke8 67. Ne5 Nf7 68.
Kc5 Nd8 69. Kb4 Ne6 70. Kxc3 Ng5 71. Kb4 Ne4 72. f7+ Ke7 73. c4 Bxc4 74. Kxc4 Nd6+ 75.
Kc5 Nc8 76. Kc6 Na7+ 77. Kb6 Nb5 78. d5 Nd6 79. Kxa6 Nc8 80. Kb7 Nd6+ 81. Kb8 Nb5 82. a6 Kf8 83. a7 Nxa7 1-0

[Event "*** Titled Tuesday 3|2 Blitz"]
[Site "Chess.com"]
[Date "2015.11.03"]
[Round "3"]
[White "StoreySniper"]
[Black "bugsbunny444"]
[Result "1-0"]
[WhiteElo "2160"]
[BlackElo "2340"]
[TimeControl "180+2"]
[EndTime "11:39:18 PST"]
[Termination "StoreySniper won by resignation"]

1. e4 e6 2. d4 d5 3. Nd2 Nf6 4. e5 Nfd7 5. f4 c5 6. c3 Nc6 7. Ndf3 cxd4 8. cxd4 a5 9. Bd3 a4 10. Ne2 Nb6 11. O-O Be7 12. Kh1 Bd7 13. Ng3 g6 14. f5 exf5 15. Bh6 Be6 16. Ne2 Nc4 17. Nf4 Nxb2 18. Qe2 Nxd3 19. Qxd3 Nb4 20. Qd2 a3 21.
Rab1 Qa5 22. Bg7 Rg8 23. Bf6 Nc6 24. Qe3 Qa6 25. Ng5 Kd7 26. Nxf7 Bxf6 27. exf6 Bxf7 28. Nd3 b6 29. Rfc1 Rge8 30. Qh3 h5 31. Qg3 Rac8 32.
Rxb6 Qxb6 33. Nc5+ Qxc5 34. dxc5 Re6 35. Qxa3 Rxf6 36.
Rb1 Rc7 37. Qc3 Re6 38. Qg7 Re7 39. Qf8 d4 40. Qh6 Bxa2 41. Rd1 Bf7 42. Qf4 Re6 43. h4 Rb7 44. Ra1 Ke7 45. Kh2 Kd7 46. Qh6 Rc7 47. Qg7 Ke7 48. Qh6 Ne5 49. Qg5+ Kd7 50. Qd2 d3 51.
Qc3 Rcc6 52. Ra7+ Rc7 53. Qd4+ Kc6 54. Qa4+ Kxc5 55. Rxc7+ Kd6 56. Rc4 Ng4+ 57. Rxg4 hxg4 58. Qd4+ Ke7 59. Qxd3 Re4 60. Qa3+ Kf6 61. Qf8 Re8 62. Qh6 Ke6 63. Kg3 Rc8 64. Kf4 Rc2 65. g3 Rc3 66.
Qg7 Rf3+ 67. Kg5 Ke7 68. Qf6+ Ke8 69. Qc6+ Ke7 70. Qc7+ Ke6 71. Qb6+ Ke7 72. Qb7+ Ke6 73. Qa6+ Ke7 74. Qa7+ Ke6 75. h5 gxh5 76. Qb6+ Ke7 77.
Qc7+ Ke6 78. Qc4+ Ke7 79. Qc5+ Ke6 80. Qc8+ Ke7 81. Qc7+ Ke6 82. Qb6+ Ke7 83. Qc5+ Ke6 84. Qc6+ Ke7 85. Qf6+ Ke8 86. Qd6 f4 87. gxf4 Rb3 88. Qe5+ Kf8 89. f5 g3 90. Qd6+ Ke8 91. Kf6 Re3 92. Qb8+ Kd7 93. Qa7+ 1-0

[Event "*** Titled Tuesday 3|2 Blitz"]
[Site "Chess.com"]
[Date "2015.11.03"]
[Round "3"]
[White "E-Shaposhnikov"]
[Black "spectralsoul"]
[Result "1/2-1/2"]
[WhiteElo "2553"]
[BlackElo "2480"]
[TimeControl "180+2"]
[EndTime "11:39:42 PST"]
[Termination "Game drawn by agreement"]

1. Nf3 Nf6 2. c4 c5 3. Nc3 b6 4. g3 Bb7 5. Bg2 e6 6. O-O Be7 7. d4 cxd4 8. Qxd4 O-O 9. Bg5 h6 10. Bxf6 Bxf6 11. Qf4 Na6 12. Rfd1 Qe7 13. Rac1 Rfd8 14.
b3 d6 15. Ne4 Bxe4 16. Qxe4 Rac8 17. Nd4 Nc5 18. Qb1 Bxd4 19. Rxd4 a5 20. Rcd1 Rd7 21. a3 a4 22. bxa4 Nxa4 23. Qb4 Nc5 24. Qxb6 Rcd8 25.
Bc6 Ra7 26. Qb4 Qc7 27. Bb5 Qb6 28. Qc3 d5 29. Qe3 Rb8 30. a4 Nxa4 31. Bxa4 Rxa4 32. cxd5 Rxd4 33. Qxd4 Qxd4 34. Rxd4 exd5 35. Rxd5 Rb2 36. e3 Kh7 37. g4 Kg6 38. Kg2 Rc2 39. Kg3 Rb2 40. h4 f6 41. h5+ Kh7 42. Rd7 Ra2 43. f3 Rb2 44. Kf4 Ra2 45. Re7 Rb2 46. Kf5 Rf2 47. f4 Rg2 48. e4 Rg1 49. Rc7 Rf1 50. Rb7 Rf2 51. Rb8 Rf1 52. e5 fxe5 53.
Kxe5 Re1+ 54. Kf5 Rf1 55. Rb7 Rf2 56. Rb4 Re2 57. Re4 Rg2 58. Re6 Rf2 59. Rg6 Rf1 60. Rb6 Rf2 61. Rb4 Re2 62. Re4 Rf2 63. Ke6 Rg2 64. f5 Rg1 65. Kf7 Rg3 66. Rd4 Rg1 67. Rf4 Rg3 68. f6 gxf6 69. Kxf6 Rg1 70. Kf7 Rg2 71. Ke6 Kg7 72. Re4 Rg1 73. Rd4 Re1+ 74. Kf5 Rf1+ 75. Rf4 Rg1 76. Rf3 Ra1 77. Rd3 Rf1+ 78.
Ke5 Re1+ 79. Kf4 Rf1+ 80. Rf3 Ra1 81. Kg3 Ra4 82. Rf4 Ra3+ 83. Rf3 Ra4 84. Re3 Kf6 85. Kh4 Ra1 86. Rb3 Rh1+ 87. Kg3 Rg1+ 88. Kf3 Rf1+ 89. Kg2 Rc1 90. Kg3 Rg1+ 91. Kf3 Kg5 92. Rb5+ Kh4 93.
Rb4 Rg3+ 94. Kf2 Rxg4 95. Rxg4+ Kxg4 96. Kg2 Kxh5 97. Kh2 Kg4 98. Kg2 h5 99. Kh1 Kh3 100. Kg1 Kg3 101. Kh1 Kh3 102. Kg1 Kg3 103. Kh1 Kf4 104. Kg1 Ke5 105. Kf1 Kd4 106. Kg2 Kc3 107. Kh3 Kb2 108. Kh4 Ka1 109. Kg5 Kb1 110. Kf4 h4 111. Kf3 Kc2 112.
Kg2 Kb3 113. Kh3 1/2-1/2

[Event "*** Titled Tuesday 3|2 Blitz"]
[Site "Chess.com"]
[Date "2015.11.03"]
[Round "4"]
[White "ilmago"]
[Black "LADIESGET2KNOWME"]
[Result "0-1"]
[WhiteElo "1905"]
[BlackElo "2240"]
[TimeControl "180+2"]
[EndTime "11:42:22 PST"]
[Termination "LADIESGET2KNOWME won by resignation"]

1. e4 e6 2. d4 d5 3. Nc3 Nf6 4. e5 Nfd7 5. f4 c5 6. Nce2 Nc6 7. c3 Qb6 8. Nf3 Be7 9. a3 a5 10. Qc2 f6 11. dxc5 Bxc5 12. exf6 Bf2+ 13. Kd1 Nxf6 14. g3 O-O 15. Bh3 Ne4 16. Qd3 Bc5 17.
Ned4 Nf2+ 0-1

[Event "*** Titled Tuesday 3|2 Blitz"]
[Site "Chess.com"]
[Date "2015.11.03"]
[Round "4"]
[White "jcgs1030"]
[Black "Entilza"]
[Result "1-0"]
[WhiteElo "2164"]
[BlackElo "2032"]
[TimeControl "180+2"]
[EndTime "11:44:18 PST"]
[Termination "jcgs1030 won by resignation"]

1. e4 d6 2. d4 Nf6 3. Nc3 e5 4. Nge2 Be7 5. f3 b6 6. Be3 c5 7. dxc5 dxc5 8. Nd5 Nxd5 9. exd5 f5 10. c4 f4 11. Bf2 Bh4 12. g3 Bg5 13. Nc3 fxg3 14. hxg3 Bf5 15. Bd3 g6 16. Bxf5 gxf5 17. f4 exf4 18.
gxf4 Bf6 19. Qh5+ Kf8 20. Qxf5 Nd7 21. Bh4 Qe7+ 22. Kd2 Re8 23. Rae1 Qd6 24. Rxe8+ Kxe8 25. Re1+ Kd8 26. Re6 1-0

[Event "*** Titled Tuesday 3|2 Blitz"]
[Site "Chess.com"]
[Date "2015.11.03"]
[Round "4"]
[White "stepanosinovsky"]
[Black "kharposh"]
[Result "1-0"]
[WhiteElo "2261"]
[BlackElo "2048"]
[TimeControl "180+2"]
[EndTime "11:45:08 PST"]
[Termination "stepanosinovsky won by resignation"]

1. Nf3 g6 2. g3 Bg7 3. Bg2 e5 4. O-O d5 5. d4 e4 6. Nfd2 f5 7. c4 c6 8. cxd5 cxd5 9. Nc3 Bxd4 10. Nb3 Bxc3 11. bxc3 Nc6 12. Bb2 Nge7 13. c4 O-O 14. Qc2 dxc4 15. Rfd1 Qc7 16. Qxc4+ Rf7 17. Qc3 Kf8 18.
Qh8+ Ng8 19. Ba3+ Ne7 20. Rac1 Qb6 21. Bc5 Qc7 22. Be3 Nc6 23. Bh6+ Ke7 24. Qxg8 Bd7 25.
Bg5+ Ke6 26. Nc5+ Ke5 27. Qxf7 1-0

[Event "*** Titled Tuesday 3|2 Blitz"]
[Site "Chess.com"]
[Date "2015.11.03"]
[Round "4"]
[White "Badouuu"]
[Black "saraswathii"]
[Result "0-1"]
[WhiteElo "1932"]
[BlackElo "1925"]
[TimeControl "180+2"]
[EndTime "11:45:27 PST"]
[Termination "saraswathii won by resignation"]

1. e4 c5 2. Nf3 e6 3. d4 cxd4 4. Nxd4 Nf6 5. Nc3 Nc6 6. Be3 Bb4 7. Bd3 d5 8. Nxc6 bxc6 9. e5 d4 10. exf6 dxc3 11. O-O cxb2 12. Rb1 Qxf6 13. Be4 O-O 14.
Bxc6 Ba6 15. Bxa8 Bxf1 16. Kxf1 Rxa8 17. Qg4 Bc3 18. Qf3 Qxf3 19. gxf3 a5 20. Ke2 Rd8 21. a3 a4 22. Bc5 Rd2+ 23. Ke3 Rxc2 24. Bd4 Rc1 25.
Rxb2 Bxb2 26. Bxb2 Rb1 27. Bd4 Rb3+ 28. Ke4 0-1

[Event "*** Titled Tuesday 3|2 Blitz"]
[Site "Chess.com"]
[Date "2015.11.03"]
[Round "4"]
[White "StoreySniper"]
[Black "NMJeevanK"]
[Result "1-0"]
[WhiteElo "2170"]
[BlackElo "2210"]
[TimeControl "180+2"]
[EndTime "11:45:32 PST"]
[Termination "StoreySniper won by resignation"]

1. e4 c5 2. Nf3 Nc6 3. Bb5 d6 4. O-O Bd7 5. c3 Nf6 6. Re1 e5 7. d4 cxd4 8. cxd4 exd4 9. Nxd4 Nxd4 10. Bxd7+ Qxd7 11. Qxd4 Be7 12. Nc3 O-O 13. Bf4 a6 14.
Rad1 Rad8 15. h3 b5 16. e5 dxe5 17. Qxe5 Qc8 18. Qxe7 b4 19. Ne4 Nd5 20. Qg5 Nxf4 21. Qxf4 Qc2 22. Rxd8 Rxd8 23. Qg5 Rf8 24. Nf6+ Kh8 25. Nd7 Rg8 26. Ne5 Qc7 27. Qf4 g5 1-0

[Event "*** Titled Tuesday 3|2 Blitz"]
[Site "Chess.com"]
[Date "2015.11.03"]
[Round "4"]
[White "AleksandrNevski"]
[Black "FairChess_on_YouTube"]
[Result "0-1"]
[WhiteElo "2319"]
[BlackElo "2697"]
[TimeControl "180+2"]
[EndTime "11:45:53 PST"]
[Termination "FairChess_on_YouTube won by resignation"]

1. Nf3 c5 2. c4 Nc6 3. g3 e5 4. Nc3 g6 5. Bg2 Bg7 6. O-O Nge7 7. d3 O-O 8. Ne1 h6 9. a3 d6 10. Rb1 Be6 11. b4 cxb4 12. axb4 d5 13. b5 Na5 14.
cxd5 Nxd5 15. Bd2 b6 16. Nc2 Rc8 17. Nxd5 Bxd5 18. Bxd5 Qxd5 19. Ne3 Qe6 20. Bxa5 bxa5 21. Qa4 Rfd8 22. Qxa5 e4 23. dxe4 Bd4 24. Rbd1 Qxe4 25. Rd3 Bb6 26. Qd2 Rxd3 27. exd3 Qd4 28. Nc4 Rxc4 0-1

[Event "*** Titled Tuesday 3|2 Blitz"]
[Site "Chess.com"]
[Date "2015.11.03"]
[Round "4"]
[White "jup1978"]
[Black "vovkcoach"]
[Result "1-0"]
[WhiteElo "2219"]
[BlackElo "2465"]
[TimeControl "180+2"]
[EndTime "11:46:03 PST"]
[Termination "jup1978 won by resignation"]

1. e4 c6 2. d4 d5 3. Nd2 dxe4 4. Nxe4 Nd7 5. Bc4 Ngf6 6. Ng5 e6 7.
Qe2 Nb6 8. Bb3 h6 9. N5f3 c5 10. Ne5 cxd4 11. Ngf3 Bb4+ 12. Bd2 Bxd2+ 13. Qxd2 O-O 14.
O-O-O a5 15. a4 Qc7 16. Qxd4 Bd7 17. Nxd7 Nfxd7 18. Qd6 Rfc8 19. Qxc7 Rxc7 20. Rd6 Nc8 21. Rd2 Ne7 22. Rhd1 Nc5 23. Rd8+ Rxd8 24. Rxd8+ Kh7 25. Kb1 Nc6 26. Rd1 Nxb3 27. cxb3 e5 28. Nd2 Rd7 29.
Kc1 Nd4 30. Nc4 Nxb3+ 31. Kc2 Rxd1 32. Kxd1 f6 33. Kc2 Nd4+ 34. Kc3 Nc6 35. Nd6 Kg6 36. Nxb7 e4 37. Kc4 f5 38. Kc5 Nb4 39. Nxa5 Nd3+ 40. Kb5 Nxf2 41. Nb3 f4 42. a5 1-0

[Event "*** Titled Tuesday 3|2 Blitz"]
[Site "Chess.com"]
[Date "2015.11.03"]
[Round "4"]
[White "WanderingPuppet"]
[Black "ChadaevNikolay"]
[Result "0-1"]
[WhiteElo "2215"]
[BlackElo "2569"]
[TimeControl "180+2"]
[EndTime "11:46:17 PST"]
[Termination "ChadaevNikolay won by resignation"]

1. e4 d6 2. d4 Nf6 3. Nc3 g6 4. Bf4 Bg7 5. Qd2 O-O 6. O-O-O c6 7. h4 h5 8. f3 b5 9. Bh6 b4 10. Nce2 a5 11. Bxg7 Kxg7 12. Nh3 Bxh3 13. Rxh3 Nbd7 14. Qe3 Qb6 15. Ng3 e6 16. Qg5 Rh8 17. e5 dxe5 18. dxe5 Nd5 19. Ne4 a4 20. Bc4 Rad8 21. Bxd5 cxd5 22.
Nd6 b3 23. cxb3 axb3 24. axb3 Ra8 25. f4 Ra1+ 26. Kc2 Qf2+ 27. Rd2 Qf1 28. b4 Rc1+ 29. Kb3 Nc5+ 30. bxc5 Rb8+ 0-1

[Event "*** Titled Tuesday 3|2 Blitz"]
[Site "Chess.com"]
[Date "2015.11.03"]
[Round "4"]
[White "3f32"]
[Black "JammyDodger91"]
[Result "0-1"]
[WhiteElo "2269"]
[BlackElo "2235"]
[TimeControl "180+2"]
[EndTime "11:46:20 PST"]
[Termination "JammyDodger91 won by resignation"]

1. d4 d5 2. c4 e6 3. Nf3 c5 4.
cxd5 exd5 5. Nc3 Nc6 6. g3 Nf6 7. Bg2 Be7 8. O-O O-O 9. dxc5 Bxc5 10. Na4 Be7 11. Be3 Bg4 12. Rc1 Re8 13. h3 Bh5 14. Re1 Bb4 15. Bd2 Bf8 16. Nc5 Ne4 17. Be3 d4 18.
Nxb7 dxe3 19. Nxd8 exf2+ 20. Kh2 fxe1=Q 21. Nxe1 Raxd8 22. Qa4 Nd4 23. Rc4 Nc5 24. Qxa7 Rxe2 25. Rxc5 Bxc5 26. Qxc5 Nf3+ 27. Nxf3 Bxf3 28. h4 Bxg2 29. Qc4 Red2 30. Qc3 h5 31. a4 Bf3+ 32. Kg1 Rg2+ 0-1

[Event "*** Titled Tuesday 3|2 Blitz"]
[Site "Chess.com"]
[Date "2015.11.03"]
[Round "4"]
[White "Matibar"]
[Black "Viaje"]
[Result "1-0"]
[WhiteElo "2316"]
[BlackElo "2246"]
[TimeControl "180+2"]
[EndTime "11:46:33 PST"]
[Termination "Matibar won by resignation"]

1. e4 c5 2. Ne2 d6 3. g3 a6 4. Bg2 Nf6 5. c3 Nc6 6. d4 cxd4 7. cxd4 g6 8. Nbc3 Bg7 9. h3 O-O 10.
Be3 Rb8 11. f4 Na5 12. b3 b5 13. e5 Nd7 14. O-O b4 15. Ne4 d5 16. Nf2 Nc6 17.
Bxd5 Bb7 18. Rc1 Rc8 19. Bg2 e6 20. d5 exd5 21. Qxd5 Na5 22. Rxc8 Bxc8 23. Rd1 Qc7 24. Rc1 Qd8 25. Rxc8 Qxc8 26. Qxa5 Qc2 27. Bf3 Nb8 28. Qxb4 Qxa2 29. Qc4 Rd8 30. Nd4 Bf8 31. e6 1-0

[Event "*** Titled Tuesday 3|2 Blitz"]
[Site "Chess.com"]
[Date "2015.11.03"]
[Round "4"]
[White "jbj"]
[Black "Malev212"]
[Result "0-1"]
[WhiteElo "2263"]
[BlackElo "2201"]
[TimeControl "180+2"]
[EndTime "11:46:41 PST"]
[Termination "Malev212 won on time"]

1. e4 c5 2. d4 cxd4 3. c3 dxc3 4.
Nxc3 e6 5. Nf3 Nc6 6. Bc4 Qc7 7.
O-O Nf6 8. e5 Nxe5 9. Nxe5 Qxe5 10. Re1 Qc7 11. Bf1 a6 12. Be3 b5 13. Rc1 Qb8 14.
Nd5 Nxd5 15. Qxd5 Bb4 16. Qd4 Bxe1 17. Qxg7 Rf8 18. Bh6 Bb4 19. Qd4 Be7 20. Bxf8 Bxf8 21. Be2 Bb7 22. Bh5 Qd6 23. Qf6 Qe7 24. Qd4 Bc6 25.
Qb6 Qd6 26. Rd1 Qc5 27. Qc7 Qa7 28. Qf4 O-O-O 29. Qxf7 Bc5 30. b4 Rf8 0-1

[Event "*** Titled Tuesday 3|2 Blitz"]
[Site "Chess.com"]
[Date "2015.11.03"]
[Round "4"]
[White "BjarkeSahl"]
[Black "HansCoolNiemann"]
[Result "0-1"]
[WhiteElo "2158"]
[BlackElo "2150"]
[TimeControl "180+2"]
[EndTime "11:46:56 PST"]
[Termination "HansCoolNiemann won on time"]

1. e4 e6 2. d4 d5 3. Nc3 Nf6 4. Bg5 dxe4 5. Nxe4 Be7 6. Bxf6 gxf6 7. Nf3 f5 8. Ng3 c5 9. c3 Nc6 10. dxc5 Qxd1+ 11. Rxd1 Bxc5 12. Bb5 Bd7 13. Ke2 a6 14. Ba4 Ba7 15. Rd2 b5 16. Bb3 Na5 17. Rhd1 Bc6 18.
Nh5 Nxb3 19. axb3 Ke7 20. Nf4 Rhd8 21. Ne5 Be8 22. b4 f6 23. Rxd8 Rxd8 24. Rxd8 Kxd8 25.
Ned3 Ke7 26. Nc5 Bxc5 27. bxc5 Bc6 28. f3 a5 29. Kd2 e5 30. Ne2 Ke6 31. Nc1 Kd5 32.
b4 a4 33. Kc2 Kc4 34. Nd3 e4 35. Nb2+ Kd5 36. f4 e3 0-1

[Event "*** Titled Tuesday 3|2 Blitz"]
[Site "Chess.com"]
[Date "2015.11.03"]
[Round "4"]
[White "AndroQueen"]
[Black "PowerThinking2650"]
[Result "1-0"]
[WhiteElo "2247"]
[BlackElo "2105"]
[TimeControl "180+2"]
[EndTime "11:46:59 PST"]
[Termination "AndroQueen won by resignation"]

1. e4 e5 2. Nf3 Nc6 3. Bb5 a6 4. Ba4 Nf6 5. O-O Be7 6. Re1 b5 7. Bb3 d6 8. c3 O-O 9. d4 Bg4 10. Be3 exd4 11. cxd4 d5 12. e5 Ne4 13. h3 Bh5 14. Nbd2 Nxd2 15. Qxd2 Bxf3 16. Qc3 Qd7 17. Rec1 Nb4 18. gxf3 Qxh3 19. a3 f6 20. axb4 fxe5 21. Bxd5+ Kh8 22. dxe5 Rad8 23. Be4 Rxf3 24. Bxf3 Qxf3 25.
Bc5 Qg4+ 26. Qg3 1-0